AoeStats
← old f1sh

Arabia

508613648Analyzed
1v1 RM · 10d ago on Sep 23, 2026· 53m 44s· 2 players
Game mode
Random Map
Map size
Tiny (2 player)
Population
200
Speed
Normal
Resources
Standard
Victory
Conquest
Starting age
Dark Age
Ending age
Imperial Age
RankedLock teamsTeams togetherTeam positionsShared explorationLock speedFull tech treeHidden civsTurbo modeCheats
Victory
Defeat
🇨🇳 Saxons · China
1661
+16
🇨🇳 Varangians · China
1663
-16
old f1sh
6:30 Loom
8:52 Feudal Age
7:12 Loom
10:05 Double-Bit Axe
18:52 Fletching
21:59 Castle Age
20:12 Horse Collar
21:19 Gold Mining
22:19 Crossbowman
25:53 Bow Saw
26:19 Gold Shaft Mining
28:05 Redemption
30:50 Wheelbarrow
30:27 Bodkin Arrow
32:37 Hand Cart
33:26 Thumb Ring
33:36 Heavy Plow
37:31 Imperial Age
35:13 Pikeman
35:53 Squires
35:54 Scale Mail Armor
36:05 Forging
36:46 Ballistics
37:48 Chain Mail Armor
38:08 Iron Casting
37:58 Halberdier
40:06 Plate Mail Armor
40:52 Town Watch
40:53 Shield Wall
41:00 Shield Wall
45:07 Elite Varangian Guard
48:18 Conscription
47:37 Elite Skirmisher
50:49 Arson
51:00 Gambesons
♞王通
6:41 Loom
9:17 Feudal Age
9:19 Man-at-Arms
9:48 Double-Bit Axe
15:23 Horse Collar
20:22 Castle Age
19:20 Bloodlines
19:49 Scale Barding Armor
20:03 Gold Mining
21:17 Bow Saw
24:21 Wheelbarrow
25:27 Husbandry
25:24 Town Watch
30:13 Hand Cart
32:14 Devotion
33:04 Light Cavalry
35:48 Forging
40:30 Imperial Age
38:23 Chain Barding Armor
38:13 Forging
38:18 Heavy Plow
38:35 Fletching
38:45 Padded Archer Armor
39:08 Ballistics
39:29 Forging
39:30 Elite Skirmisher
40:11 Bodkin Arrow
40:34 Masonry
41:00 Stone Mining
41:27 Bodkin Arrow
42:08 Plate Barding Armor
41:57 Guilds
42:39 Conscription
42:46 Vendel Legacy
42:56 Cavalier
44:38 Bodkin Arrow
45:43 Bracer
46:43 Leather Archer Armor
47:31 Chemistry
46:43 Cranequins
47:53 Heavy Mounted Crossbowman
Connection lost

Rejoining the realm…

Still unreachable

The connection could not be restored.

Session expired

The server has moved on; the page needs a fresh start.